 Dungeon Crawl Stone Soup version 0.23.2-30-g0e89c35649 (webtiles) character file.

Game seed: 15051835162661227918

80 Masnef the Poker (level 4, -6/33 HPs)
             Began as a Merfolk Skald on June 23, 2019.
             Mangled by a centaur (7 damage)
             ... on level 2 of the Dungeon on June 24, 2019.
             The game lasted 00:05:15 (2382 turns).

Masnef the Poker (Merfolk Skald)                    Turns: 2382, Time: 00:05:16

Health: -6/33      AC:  3    Str: 11    XL:     4   Next: 39%
Magic:  4/7        EV: 12    Int: 13    God:
Gold:   66         SH:  3    Dex: 13    Spells: 1/7 levels left

rFire    . . .     SeeInvis .   a - +0 spear
rCold    . . .     Gourm    .   f - +0 buckler
rNeg     . . .     Faith    .   b - +0 leather armour
rPois    .         Spirit   .   (no helmet)
rElec    .         Reflect  .   (no cloak)
rCorr    .         Harm     .   (no gloves)
MR       .....                  (no boots)
Stlth    +.........             (no amulet)
HPRegen  0.11/turn              (no ring)
MPRegen  0.10/turn              (no ring)

@: very slightly contaminated
A: change form in water, swift swim, stealthy swim
a: no special abilities


You were on level 2 of the Dungeon.
You were not hungry.

You visited 1 branch of the dungeon, and saw 2 of its levels.

You collected 66 gold pieces.

Inventory:

Hand Weapons
 a - a +0 spear (weapon)
Armour
 b - a +0 leather armour (worn)
 f - a +0 buckler (worn)
Scrolls
 c - 2 scrolls of fog
 e - 3 scrolls of enchant weapon {unknown}
 h - 2 scrolls of identify
 i - a scroll of remove curse
 j - a scroll of noise {unknown}
 k - a scroll of enchant armour {unknown}
Potions
 g - a potion of haste {unknown}
Comestibles
 d - 2 rations
 l - 3 chunks of flesh


   Skills:
 * Level 2.2 Fighting
 + Level 5.2 Polearms
 - Level 0.6 Armour
 + Level 3.7 Dodging
 * Level 0.4 Shields
 - Level 2.0 Spellcasting
 + Level 3.6 Charms
 * Level 0.3 Necromancy


You had one spell level left.
You knew the following spells:

 Your Spells              Type           Power        Failure   Level  Hunger
a - Infusion              Chrm           ##..         12%         1    ##.....
b - Shroud of Golubria    Chrm/Tloc      #.........   36%         2    ###....
c - Regeneration          Chrm/Necr      #.........   58%         3    ####...

Your spell library contained the following spells:

 Spells                   Type           Power        Failure   Level  Hunger
 Song of Slaying          Chrm           ##......     19%         2    ###....
 Spectral Weapon          Hex/Chrm       #.......     61%         3    ####...


Dungeon Overview and Level Annotations

Branches:
Dungeon (2/15)

Altars:
Qazlal


Message History

* * * LOW HITPOINT WARNING * * *
The bat hits you but does no damage.
The centaur unwields a +0 shortbow.
You block the centaur's attack. The centaur barely misses you.
You hit the centaur.
The centaur is lightly wounded.
The bat closely misses you. The centaur hits you.
* * * LOW HITPOINT WARNING * * *
Casting: Infusion (safe; 12% risk of failure)
Confirm with . or Enter, or press ? or * to list all spells.
Space distorts slightly along a thin shroud covering your body.
You block the bat's attack. The centaur hits you.
* * * LOW HITPOINT WARNING * * *
Your shroud falls apart!
Casting: Shroud of Golubria (safe; 36% risk of failure)
Confirm with . or Enter, or press ? or * to list all spells.
You miscast Infusion.
You are very lightly contaminated with residual magic.
Strange energies run through your body. The bat barely misses you.
The centaur hits you!
You die...

#.. #..
#..#### #..#..
# #..#.# .#
#..#.##.###.
#..c...!....
#..@.?......
##.#(##.##.
#.#b##.#
#.#(##.##.#
#.#.>....#
#.#..#.##.#
#.#..#.#
#.#....# #
#.##.#.##.##..


You could see a centaur and a bat.

Vanquished Creatures
  2 gnolls
  2 oozes (D:1)
  2 worms (D:2)
  A dart slug (D:1)
  A leopard gecko (D:1)
  A giant cockroach (D:2)
  9 goblins
  7 hobgoblins
  7 kobolds (D:1)
  2 ball pythons (D:1)
  4 frilled lizards
  8 rats (D:1)
46 creatures vanquished.

Notes
Turn   | Place    | Note
-------+----------+-------------------------------------------
     0 | D:1      | Masnef the Merfolk Skald began the quest for the Orb.
     0 | D:1      | Reached XP level 1. HP: 16/16 MP: 3/3
   290 | D:1      | Reached XP level 2. HP: 18/22 MP: 5/5
   321 | D:1      | Reached skill level 4 in Polearms
   403 | D:1      | You fall through a shaft!
   426 | D:2      | Reached XP level 3. HP: 20/27 MP: 6/6
   513 | D:2      | Found a stormy altar of Qazlal.
   633 | D:1      | Learned a level 2 spell: Shroud of Golubria
   763 | D:1      | HP: 1/27 [gnoll/+0 club (3)]
  1286 | D:1      | Learned a level 3 spell: Regeneration
  1356 | D:1      | Reached skill level 5 in Polearms
  1481 | D:1      | Reached XP level 4. HP: 32/33 MP: 7/7
  2375 | D:2      | Noticed a centaur
  2381 | D:2      | HP: 1/33 [centaur (5)]
  2382 | D:2      | Mangled by a centaur

Skill      XL: |  1  2  3 |
---------------+----------+-----
Dodging        | 3 |  3.7
Polearms       | 4 5 |  5.2
Fighting       | |  2.2
Armour         | |  0.6
Shields        | |  0.4
Spellcasting   | |  2.0
Charms         | |  3.6
Necromancy     | |  0.3

Action                   |  1- 3 |  4- 6 || total
-------------------------+-------+-------++-------
Melee: Spear             |   145 |    67 ||   212
 Cast: Infusion          |     2 |     1 ||     3
       Shroud of Golubri |     1 |     4 ||     5
  Use: Scroll            |     3 |       ||     3
       Potion            |     1 |       ||     1
 Stab: Sleeping          |     3 |     1 ||     4
       Invisible         |     3 |       ||     3
  Eat: Chunk             |     2 |     3 ||     5
Armor: Leather armour    |    15 |     8 ||    23
Dodge: Dodged            |    60 |    19 ||    79
Block: Buckler           |     3 |    10 ||    13
